 Dungeon Crawl Stone Soup version 0.23-b1-13-gf37ab262a9 (webtiles) character file.

Game seed: 3497951018417333628

2944 Morbidden the Cutter (level 9, -2/69 HPs)
             Began as a Demonspawn Monk on Feb 3, 2019.
             Was an Elder of Cheibriados.
             Slain by a death yak (20 damage)
             ... on level 8 of the Dungeon.
             The game lasted 00:18:10 (8055 turns).

Morbidden the Cutter (Demonspawn Monk)              Turns: 8055, Time: 00:18:11

Health: -2/69      AC: 15    Str: 18 (20) XL:     9   Next: 51%
Magic:  0/24       EV: 16    Int: 17 (20) God:    Cheibriados [****..]
Gold:   277        SH:  0    Dex: 27 (29) Spells: 16/16 levels left

rFire    . . .     SeeInvis .   a - +1 short sword (venom)
rCold    . . .     Gourm    .   (no shield)
rNeg     . . .     Faith    .   x - +0 leather armour
rPois    .         Spirit   +   t - +1 helmet
rElec    .         Reflect  .   (no cloak)
rCorr    .         Harm     .   (no gloves)
MR       .....                  E - +0 pair of boots
Stlth    +++++.....             p - amulet of the acrobat
HPRegen  0.21/turn              v - ring of magical power
MPRegen  0.19/turn              (no ring)

@: sanguine armour, very slow
A: hooves 2, nightstalker 2, magic shield, sanguine armour 2
a: Bend Time, Temporal Distortion, Slouch, Renounce Religion


You were on level 8 of the Dungeon.
You worshipped Cheibriados.
Cheibriados was greatly pleased with you.
You were not hungry.

You visited 2 branches of the dungeon, and saw 9 of its levels.

You collected 277 gold pieces.

Inventory:

Hand Weapons
 a - a +1 short sword of venom (weapon)
Missiles
 n - 6 steel javelins
 r - 2 javelins (quivered)
Armour
 t - a +1 helmet (worn)
 x - a +0 leather armour (worn)
 E - a +0 pair of boots (worn)
Jewellery
 p - an amulet of the acrobat (around neck)
 v - a ring of magical power (left hand)
Wands
 k - a wand of disintegration (18)
 y - a wand of iceblast (7)
 B - a wand of paralysis (9)
Scrolls
 b - 3 scrolls of magic mapping {unknown}
 d - 2 scrolls of enchant armour
 f - a scroll of random uselessness
 g - a scroll of fog {unknown}
 h - 3 scrolls of amnesia
 i - 6 scrolls of remove curse
 l - a scroll of fear
 o - a scroll of immolation
 q - 2 scrolls of identify
 u - 2 scrolls of brand weapon {unknown}
 w - a scroll of enchant weapon
 C - 4 scrolls of teleportation {unknown}
Potions
 e - a potion of might
 j - 2 potions of curing
 m - a potion of mutation
 s - a potion of cancellation
 z - 2 potions of flight
 A - a potion of brilliance
 D - a potion of degeneration
 F - a potion of ambrosia {unknown}
Comestibles
 c - 13 rations


   Skills:
 * Level 6.1 Fighting
 * Level 7.2 Short Blades
   Level 3.1 Polearms
 + Level 1.4 Armour
 + Level 4.9 Dodging
 + Level 4.8 Stealth
 * Level 4.1 Spellcasting
 * Level 4.2 Invocations


You had 16 spell levels left.
You didn't know any spells.
Your spell library contained the following spells:

 Spells                   Type           Power        Failure   Level  Hunger
 Confusing Touch          Hex            #.....       19%         1    None
 Confuse                  Hex            #.......     50%         3    ###....
 Gell's Gravitas          Tloc           #.........   50%         3    ###....
 Cause Fear               Hex            #.........   88%         4    ####...
 Petrify                  Tmut/Erth      #.......     88%         4    ####...
 Metabolic Englaciation   Hex/Ice        #.........   99%         5    ######.
 Silence                  Hex/Air        #.........   99%         5    ######.
 Yara's Violent Unravell  Hex/Tmut       #.........   99%         5    ######.
 Deflect Missiles         Chrm/Air       #.........   100%        6    #######
 Discord                  Hex            #.........   100%        8    #######


Dungeon Overview and Level Annotations

Branches:
Dungeon (8/15)             Temple (1/1) D:5
   Lair: D:8-11

Altars:
Cheibriados
Fedhas
Makhleb
Nemelex Xobeh
Okawaru
Qazlal
Trog
Vehumet
Wu Jian
Xom
Yredelemnul
Zin
The Shining One

Annotations:
D:3 3 runed translucent doors, H0rd4k's ghost, novice HuAr


Innate Abilities, Weirdness & Mutations

You have hoof-like feet.
You are significantly more attuned to the shadows.
When hurt, damage is shared between your health and your magic reserves.
When seriously injured, your bleeding wounds create thick armour. (AC +9)


Message History

a +0 war axe; a +0 plate armour; an orc corpse Unknown command.
As you read the scroll labeled BESMI MUNWAJYO, it crumbles to dust.
It is a scroll of enchant armour.
Your +0 helmet glows green for a moment.
The death yak gores you!!
* * * LOW HITPOINT WARNING * * *
The death yak bellows!
Unknown command.
You hear a croak.
The shadow imp barely misses you.
Unknown command.
Okay, then.
Okay, then.
It was a potion of degeneration.
There was something very wrong with that liquid.
You feel weakened.
You feel dopey.
You feel clumsy.
Unknown command.
You feel better. The death yak gores you!!
You die...

#....).# #.##.#.#.#
.....######.#.......
.Y.....#....#.#..#.#
.......#.####.#..#.#
...Y...#.#....#..#
#....[)#.#.####..#
.....5.#.#.### ..#
.....Y@..#.#..
.........#.#.#
.........#.#.#
.........#.#.#####
.#.(.....#.......#
#.......#####.#.#
... ...#.#
....########.#
#.............##


You could see 3 death yaks and a shadow imp.

Vanquished Creatures
  Eustachio (D:6)
  A hungry ghost (D:7)
  Menkaure (D:5)
  2 orc warriors
  A phantom (Temple)
  An ice beast (D:5)
  3 sky beasts (D:5)
  4 ogres
  A centaur (D:5)
  Blork the orc (D:4)
  2 bullfrogs
  A crocodile (D:7)
  A scorpion (D:6)
  A jelly (D:5)
  2 bullfrog zombies
  6 orc priests
  6 hounds
  2 iguanas
  10 orc wizards
  3 worker ants
  Robin (D:4)
  10 adders
  3 gnolls (D:5)
  2 oozes
  2 adder skeletons
  An adder zombie (D:5)
  2 worms (D:2)
  2 dart slugs
  7 leopard geckos
  21 orcs
  7 giant cockroaches
  21 goblins
  13 hobgoblins
  7 jackals
  3 quokkas
  12 bats
  5 frilled lizards
  2 jackal zombies (D:6)
  10 kobolds
  26 rats
207 creatures vanquished.

Notes
Turn   | Place    | Note
-------+----------+-------------------------------------------
     0 | D:1      | Morbidden the Demonspawn Monk began the quest for the Orb.
     0 | D:1      | Reached XP level 1. HP: 18/18 MP: 1/1
   158 | D:1      | Gained mutation: You are slightly more attuned to the
                  | shadows. [demonic ancestry]
   158 | D:1      | Reached XP level 2. HP: 24/24 MP: 2/2
   985 | D:1      | Gained mutation: When hurt, damage is shared between your
                  | health and your magic reserves. [demonic ancestry]
   985 | D:1      | Reached XP level 3. HP: 28/29 MP: 3/3
  1646 | D:2      | Reached XP level 4. HP: 25/37 MP: 4/4
  1869 | D:2      | Reached skill level 1 in Short Blades
  2222 | D:2      | Found a burning altar of Makhleb.
  2222 | D:2      | Noticed a balrug
  2225 | D:2      | Found a glowing silver altar of Zin.
  2225 | D:2      | Noticed an angel
  2277 | D:3      | Reached skill level 2 in Short Blades
  2277 | D:3      | Gained mutation: You are significantly more attuned to the
                  | shadows. [demonic ancestry]
  2277 | D:3      | Reached XP level 5. HP: 14/42 MP: 2/6
  2630 | D:3      | Found a runed translucent gate.
  2630 | D:3      | Found a runed translucent gate.
  2634 | D:3      | Found a runed translucent gate.
  2661 | D:3      | Reached skill level 1 in Spellcasting
  2729 | D:3      | Noticed H0rd4k's ghost (novice HuAr)
  3588 | D:4      | Noticed Blork the orc
  3603 | D:4      | Killed Blork the orc
  3603 | D:4      | Gained mutation: When seriously injured, your bleeding
                  | wounds create armour. (AC +9) [demonic ancestry]
  3603 | D:4      | Reached XP level 6. HP: 31/48 MP: 4/8
  3784 | D:4      | Reached skill level 3 in Short Blades
  3905 | D:4      | Found an ornate altar of the Wu Jian Council.
  4300 | D:4      | Noticed Robin
  4378 | D:4      | Killed Robin
  4493 | D:5      | Entered Level 5 of the Dungeon
  4509 | D:5      | Found a staircase to the Ecumenical Temple.
  4522 | D:5      | Gained mutation: You have large cloven feet. [demonic
                  | ancestry]
  4522 | D:5      | Reached XP level 7. HP: 27/55 MP: 5/10
  4699 | D:5      | Reached skill level 4 in Short Blades
  4706 | Temple   | Entered the Ecumenical Temple
  4868 | Temple   | Became a worshipper of Cheibriados the Contemplative
  4868 | Temple   | Reached * piety under Cheibriados
  4868 | Temple   | Reached ** piety under Cheibriados
  5378 | D:5      | Reached skill level 5 in Fighting
  5378 | D:5      | Reached skill level 5 in Short Blades
  5378 | D:5      | Reached skill level 1 in Invocations
  5378 | D:5      | Gained mutation: You have hoof-like feet. [demonic
                  | ancestry]
  5378 | D:5      | Reached XP level 8. HP: 62/62 MP: 11/11
  5623 | D:5      | Noticed Menkaure
  5628 | D:5      | Killed Menkaure
  6585 | D:6      | Noticed Eustachio
  6592 | D:6      | Killed Eustachio
  6592 | D:6      | Reached skill level 6 in Short Blades
  6874 | D:6      | Found a runed translucent gate.
  6875 | D:6      | Found a runed translucent gate.
  6876 | D:6      | Found a runed translucent gate.
  6985 | D:6      | Gained mutation: When seriously injured, your bleeding
                  | wounds create thick armour. (AC +9) [demonic ancestry]
  6985 | D:6      | Reached XP level 9. HP: 69/69 MP: 14/14
  7038 | D:6      | Reached *** piety under Cheibriados
  7502 | D:7      | Reached skill level 7 in Short Blades
  7512 | D:7      | Found a blossoming altar of Fedhas.
  7562 | D:7      | Reached skill level 1 in Armour
  8046 | D:8      | Noticed a death yak
  8050 | D:8      | Reached **** piety under Cheibriados
  8051 | D:8      | Noticed a death yak
  8051 | D:8      | Noticed a death yak
  8051 | D:8      | Noticed a death yak
  8055 | D:8      | Slain by a death yak

Skill      XL: |  1  2  3  4  5  6  7  8  9 |
---------------+----------------------------+-----
Polearms       | 3 |  3.1
Dodging        | 3 4 |  4.9
Stealth        | 2 3 4 |  4.8
Short Blades   | 2 3 5 6 7 |  7.2
Fighting       | 4 5 6 |  6.1
Spellcasting   | 1 2 3 4 |  4.1
Invocations    | 1 3 4 |  4.2
Armour         | 1 |  1.4

Action                   |  1- 3 |  4- 6 |  7- 9 || total
-------------------------+-------+-------+-------++-------
Melee: Spear             |    44 |       |       ||    44
       Dagger            |   120 |       |       ||   120
       Short sword       |    46 |   230 |   237 ||   513
       Kick              |       |       |   104 ||   104
Throw: Javelin           |       |     8 |     2 ||    10
  Use: Potion            |     2 |     1 |     4 ||     7
       Scroll            |       |     5 |     7 ||    12
 Stab: Sleeping          |     5 |    16 |    19 ||    40
       Distracted        |       |     2 |     2 ||     4
  Eat: Chunk             |     2 |    10 |     4 ||    16
       Ration            |       |       |     1 ||     1
Armor: Robe              |    43 |    26 |     8 ||    77
       Leather armour    |       |       |    10 ||    10
Dodge: Dodged            |   186 |   172 |   143 ||   501
